 Dungeon Crawl Stone Soup version 0.30-a0-989-g0d87f670db (webtiles) character file.

Game seed: 8998940131695510814

527 xian the Conjurer (level 7, -13/47 HPs)
             Began as a Demonspawn Conjurer on Apr 3, 2023.
             Was an Initiate of Vehumet.
             Mangled by Duvessa
             ... wielding a +0 short sword
              (14 damage)
             ... on level 4 of the Dungeon.
             The game lasted 00:09:22 (3766 turns).

xian the Conjurer (Demonspawn Conjurer)             Turns: 3766, Time: 00:09:22

Health: -13/47     AC:  9    Str:  4    XL:     7   Next: 3%
Magic:  3/13       EV: 11    Int: 22    God:    Vehumet [......]
Gold:   249        SH:  0    Dex: 11    Spells: 7/14 levels left

rFire   . . .      SeeInvis .    m - +0 dagger of Zixis {heavy, rElec Will+ Str-3 Stlth+}
rCold   . . .      Faith    .    (no shield)
rNeg    . . .      Spirit   .    c - +2 leather armour {rPois}
rPois   +          Reflect  .    q - +2 helmet
rElec   +          Rampage  .    (no cloak)
rCorr   .                        (no gloves)
Will    +....                    p - +0 pair of boots
Stlth   +++                      (no amulet)
HPRegen 0.27/turn                (no ring)
MPRegen 0.13/turn                (no ring)

@: mighty
A: powered by pain 2, spiny 1
a: Renounce Religion


You were on level 4 of the Dungeon.
You worshipped Vehumet.
Vehumet was noncommittal.
You visited 1 branch of the dungeon, and saw 4 of its levels.
You also visited: Sewer.

You collected 249 gold pieces.

Inventory:

Hand Weapons
 m - the +0 dagger of Zixis (weapon) {heavy, rElec Will+ Str-3 Stlth+}
   (You found it on level 2 of the Dungeon)

   Str:       It affects your strength (-3).
   rElec:     It insulates you from electricity.
   Will:      It increases your willpower.
   Stlth:     It makes you more stealthy.
Armour
 c - a +2 leather armour of poison resistance (worn)
 p - a +0 pair of boots (worn)
 q - a +2 helmet (worn)
Wands
 s - a wand of flame (6)
Scrolls
 a - a scroll of magic mapping {unknown}
 d - 2 scrolls of fog {unknown}
 f - 2 scrolls of vulnerability {unknown}
 h - 3 scrolls of torment {unknown}
 j - a scroll of fear {unknown}
 k - a scroll of immolation {unknown}
 l - 3 scrolls of identify {unknown}
Potions
 e - a potion of haste {unknown}
 g - 4 potions of curing {unknown}
 i - a potion of lignification {unknown}
 n - a potion of brilliance {unknown}
 o - a potion of cancellation {unknown}
 r - a potion of berserk rage


   Skills:
 + Level 0.3 Fighting
 + Level 0.3 Short Blades
 + Level 0.5 Maces & Flails
 + Level 2.3 Armour
 + Level 2.3 Dodging
 + Level 3.0 Stealth
 + Level 4.3 Spellcasting
 + Level 5.7 Conjurations


You had 7 spell levels left.
You knew the following spells:

 Your Spells              Type           Power      Damage    Failure   Level
a - Magic Dart            Conj           100%       1d8       1%          1
b - Searing Ray           Conj           58%        2d6       2%          2
c - Iskenderun's Mystic   Conj/Tloc      17%        2d5       50%         4

Your spell library contained the following spells:

 Spells                   Type           Power      Damage    Failure   Level
 Dazzling Flash           Conj/Hex       34%        N/A       17%         3
 Apportation              Tloc           8%         N/A       19%         1
 Necrotise                Necr           16%        1d4       19%         1
 Summon Small Mammal      Summ           16%        N/A       19%         1
 Lesser Beckoning         Tloc           8%         N/A       28%         2
 Gell's Gravitas          Tloc           4%         N/A       50%         3
 Teleport Other           Tloc           4%         N/A       50%         3
 Fulminant Prism          Conj/Hex       8%         3d6       50%         4
 Airstrike                Air            2%         2d(1-17)  88%         4
 Summon Lightning Spire   Summ/Air       4%         N/A       88%         4
 Plasma Beam              Fire/Air       2%         2x1d8     99%         5


Dungeon Overview and Level Annotations

Branches:
Dungeon (4/15)              Sewer (visited)
 Temple: D:4-7

Altars:
Dithmenos
Makhleb
Uskayaw
Vehumet
Wu Jian

Annotations:
D:4 Duvessa


Innate Abilities, Weirdness & Mutations

You sometimes gain power by taking damage.
You are partially covered in sharp spines.


Message History

Vehumet accepts your kill.
Duvessa weeps, and shakes her weapon.
Duvessa goes berserk!
You finish channelling your searing ray.
You have reached level 7!
The searing ray hits Duvessa but does no damage.
Duvessa is moderately wounded. (Press . to maintain the ray.) Duvessa hits you with a +0 short sword.
The searing ray hits Duvessa.
Duvessa is moderately wounded.
Duvessa hits you but does no damage.
The searing ray hits Duvessa.
Duvessa is heavily wounded.
Duvessa is struck by your spines. Duvessa hits you with a +0 short sword!
Duvessa barely misses you.
The searing ray hits Duvessa.
Duvessa is heavily wounded.
You finish channelling your searing ray.
Duvessa hits you with a +0 short sword!
You focus on the pain.
You feel very mighty all of a sudden.
You are too injured to fight recklessly!
You are too injured to fight recklessly!
You are too injured to fight recklessly!
Hit: m) +0 dagger of Zixis {heavy, rElec Will+ Str-3 Stlth+}
Press: ? - help, Dir - move target, f/p - Duvessa
Aim: Duvessa, wielding a +0 short sword, wearing a +0 chain mail and carrying a wand of polymorph (7) (heavily wounded, berserk, fast, about 29% to evade the +0 dagger of Zixis)
You hit Duvessa but do no damage.
Duvessa is heavily wounded.
Duvessa barely misses you. Duvessa hits you with a +0 short sword.
You hit Duvessa but do no damage. Your punch misses Duvessa.
Duvessa is heavily wounded.
Duvessa hits you but does no damage. Duvessa hits you with a +0 short sword!
* * * LOW HITPOINT WARNING * * *
You hit Duvessa but do no damage.
Duvessa is heavily wounded.
Duvessa closely misses you. Duvessa hits you with a +0 short sword!
* * * LOW HITPOINT WARNING * * *
Duvessa hits you with a +0 short sword!
You die...

#................#
#...#........###.
#.#.....###..#
#.......###.##
........##..#
#.........#.##
#...##......# #
##....##
#.#####.@....#
#.....e####..#
#....)## #....
#.....# ..##
##.....# .##
#.....# # #.$.e..#
##.......
#........


You could see Duvessa (berserk, fast).

Vanquished Creatures
  Grinder (D:3)
  A water moccasin (Sewer)
  Dowan (D:4)
  A crimson imp (D:3)
  A sleepcap (D:3)
  3 adders (D:2)
  A worm (D:2)
  A dart slug (D:2)
  3 orcs (D:3)
  11 ball pythons
  8 endoplasms
  3 giant cockroaches (D:3)
  7 goblins
  4 hobgoblins
  4 jackals (D:1)
  3 quokkas
  13 bats
  3 frilled lizards
  7 kobolds
  8 rats
84 creatures vanquished.

Notes
Turn   | Place    | Note
-------+----------+-------------------------------------------
     0 | D:1      | xian the Demonspawn Conjurer began the quest for the Orb.
     0 | D:1      | Reached XP level 1. HP: 13/13 MP: 3/3
   180 | D:1      | Gained mutation: You sometimes gain a little power by
                  | taking damage. [demonic ancestry]
   180 | D:1      | Reached XP level 2. HP: 11/19 MP: 5/5
   250 | D:1      | Learned a level 2 spell: Searing Ray
   869 | D:1      | Gained mutation: You are partially covered in sharp spines.
                  | [demonic ancestry]
   869 | D:1      | Reached XP level 3. HP: 24/24 MP: 3/6
  1371 | D:2      | Reached XP level 4. HP: 30/30 MP: 1/7
  1535 | D:2      | Identified the +0 dagger of Zixis {heavy, rElec Will+ Str-3
                  | Stlth+}
  2391 | D:3      | Noticed a +0 short sword
  2391 | D:3      | Noticed a +0 short sword
  2391 | D:3      | Noticed a +0 dagger
  2392 | D:3      | Noticed a +0 falchion
  2392 | D:3      | Noticed a +0 spear
  2392 | D:3      | Noticed a +0 spear
  2392 | D:3      | Noticed a +0 falchion
  2393 | D:3      | Noticed a +0 dagger
  2398 | D:3      | Found a hide-covered altar of Uskayaw.
  2547 | D:3      | Found a glowing drain.
  2558 | Sewer    | Entered a sewer
  2561 | Sewer    | Reached skill level 1 in Armour
  2658 | Sewer    | Noticed a water moccasin
  2665 | Sewer    | Killed a water moccasin
  2666 | Sewer    | Reached skill level 5 in Conjurations
  2666 | Sewer    | Reached XP level 5. HP: 23/35 MP: 0/9
  3114 | D:3      | Found an ornate altar of the Wu Jian Council.
  3261 | D:3      | Found a radiant altar of Vehumet.
  3261 | D:3      | Found a burning altar of Makhleb.
  3382 | D:3      | Found a shadowy altar of Dithmenos.
  3403 | D:3      | Became a worshipper of Vehumet
  3450 | D:3      | Noticed Grinder
  3462 | D:3      | Killed Grinder
  3463 | D:3      | Gained mutation: You sometimes gain power by taking damage.
                  | [demonic ancestry]
  3463 | D:3      | Reached XP level 6. HP: 37/42 MP: 7/12
  3571 | D:4      | Learned a level 4 spell: Iskenderun's Mystic Blast
  3750 | D:4      | Noticed Duvessa
  3751 | D:4      | Noticed Dowan
  3759 | D:4      | Killed Dowan
  3760 | D:4      | Reached XP level 7. HP: 37/47 MP: 7/13
  3766 | D:4      | HP: 1/47 [Duvessa/+0 short sword (7)]
  3766 | D:4      | Mangled by Duvessa

Illustrated notes

Levels and vault maps discovered:
D:1:      spicycebolla_arrival_xxxplode, layout_rooms
D:2:      layout_basic, minmay_diced_spiral
D:3:      layout_basic, grunt_temple_overflow_lords_of_destruction,
          nicolae_uskayaw_en_pointe, general_overflow_altar,
          lemuel_coloured_pillars_altar, cheibrodos_sewer_entry_drain,
          minmay_checkerbox, uniq_grinder
D:4:      layout_layer_cave, zin_academy, lemuel_zombie_altar_kikubaaqudgha,
          guppyfry_shop_venom, uniq_ijyb, uniq_duvessa

Skill      XL: |  1  2  3  4  5 |
---------------+----------------+-----
Dodging        | 2 |  2.3
Stealth        | 2 3 |  3.0
Armour         | 1 2 |  2.3
Spellcasting   | 3 4 |  4.3
Conjurations   | 5 |  5.7
Fighting       | |  0.3
Short Blades   | |  0.3
Maces & Flails | |  0.5

Action                     |  1- 3 |  4- 6 |  7- 9 || total
---------------------------+-------+-------+-------++-------
  Melee: Club              |    44 |       |       ||    44
         Dagger            |     8 |     2 |     3 ||    13
   Cast: Magic Dart        |    58 |    74 |       ||   132
         Searing Ray       |       |    12 |     1 ||    13
    Use: Potion            |       |     1 |       ||     1
 Armour: Leather armour    |    34 |     5 |     2 ||    41
  Dodge: Dodged            |    46 |     8 |     3 ||    57

Table legend: (Time is in decaauts)
 A = Elapsed time spent in this place.
 B = Non-inter-level travel time spent in this place.
 C = Inter-level travel time spent in this place.
 D = Time resting spent in this place.
 E = Time spent auto-exploring this place.
 F = Levels seen in this place.
 G = Mean time per level.
                   A        B        C        D        E       F      G
               +--------+--------+--------+--------+--------+-----+--------+
         Total |   3781 |   3652 |    129 |      0 |   3127 |   5 |  756.2 |
       Dungeon |   3552 |   3423 |    129 |      0 |   2929 |   4 |  888.0 |
         Sewer |    229 |    229 |      0 |      0 |    198 |   1 |  229.0 |
               +--------+--------+--------+--------+--------+-----+--------+

Top non-repeatable levels by time:
     D:3: 1347 daAuts
     D:2: 1062 daAuts
     D:1: 941 daAuts
   Sewer: 229 daAuts
     D:4: 201 daAuts
